 Dungeon Crawl Stone Soup version 0.26-a0-940-gf7e0b5f775 (webtiles) character file.

Game seed: 1820291302958192002

4436 mhtbhm the Blocker (level 10, -2/77 HPs)
             Began as a Formicid Fighter on Nov 27, 2020.
             Was a Believer of Ashenzari.
             Engulfed by a cloud of flame (12 damage)
             ... on level 7 of the Dungeon.
             The game lasted 00:11:40 (8286 turns).

mhtbhm the Blocker (Formicid Fighter)               Turns: 8286, Time: 00:11:41

Health: -2/77      AC: 10    Str: 24    XL:     10   Next: 63%
Magic:  10/10      EV: 11    Int:  8    God:    Ashenzari [**....]
Gold:   313        SH: 19    Dex: 12    Spells: 9/9 levels left

rFire    + . .     SeeInvis +   a - +0 flail (curse)
rCold    . . .     Faith    .   c - +0 tower shield (curse)
rNeg     . . .     Spirit   .   b - +0 scale mail
rPois    +         Reflect  .   (helmet unavailable)
rElec    .         Harm     .   i - +0 cloak (curse)
rCorr    .         Rampage  .   (no gloves)
MR       +....                  (no boots)
Stlth    ..........             (no amulet)
HPRegen  0.22/turn              s - ring of Lipukonk {rPois SInv} (curse)
MPRegen  0.12/turn              (no ring)

@: no status effects
A: permanent stasis, dig shafts and tunnels, four strong arms, antennae 3, icy
blue scales 1, agile 1, fire resistance 1
a: Dig, Shaft Self, Curse Item, Scrying, Renounce Religion


You were on level 7 of the Dungeon.
You worshipped Ashenzari.
Ashenzari was pleased with you.
You visited 2 branches of the dungeon, and saw 8 of its levels.

You collected 313 gold pieces.

Inventory:

Hand Weapons
 a - a cursed +0 flail (weapon)
Armour
 b - a +0 scale mail (worn)
 c - a cursed +0 tower shield (worn)
 i - a cursed +0 cloak (worn)
Jewellery
 e - an uncursed ring of wizardry
 s - the cursed ring of Lipukonk (left hand) {rPois SInv}
   (You found it on level 4 of the Dungeon)

   [ring of poison resistance]

   It protects you from poison.
   It lets you see invisible.
   It has a curse placed upon it.
Wands
 r - a wand of flame (14)
 u - a wand of enslavement (1)
Scrolls
 f - a scroll of enchant armour
 g - 2 scrolls of magic mapping
 j - a scroll of amnesia
 l - a scroll of vulnerability
 n - a scroll of fear
 v - a scroll of enchant weapon {unknown}
 w - a scroll of remove curse
Potions
 h - 2 potions of curing
 o - 2 potions of magic
 t - a potion of brilliance


   Skills:
 + Level 6.7 Fighting
 + Level 9.1(11.3) Maces & Flails
 + Level 6.1 Armour
 + Level 3.7 Dodging
 - Level 0.8 Stealth
 + Level 10.6(11.9) Shields
 + Level 0.4 Evocations


You had 9 spell levels left.
You didn't know any spells.
Your spell library was empty.

Dungeon Overview and Level Annotations

Branches:
Dungeon (7/15)             Temple (1/1) D:5

Altars:
Ashenzari
Cheibriados
Elyvilon
Fedhas
Hepliaklqana
Kikubaaqudgha
Makhleb
Nemelex Xobeh
Okawaru
Sif Muna
Trog
Uskayaw
Wu Jian
Xom
Yredelemnul
The Shining One
Jiyva

Shops:
D:5 }

Annotations:
D:7 1 transporter, Alex's ghost, novice MiFi; Grum


Innate Abilities, Weirdness & Mutations

You cannot be hasted, slowed, berserked, paralysed or teleported.
You can dig through walls and to a lower floor.
Your four strong arms can wield two-handed weapons with a shield.
You have a pair of large antennae on your head. (SInv)
You are partially covered in icy blue scales. (AC +2)
You are agile. (Dex +2)
Your flesh is heat resistant. (rF+)


Message History

Unknown command.
Unknown command.
You start resting.
The wolf is engulfed in blazing flames.
Flame seeps out of the wolf.
A wolf is nearby!
A wolf is nearby!
You barely miss the wolf.
The wolf is moderately wounded.
The wolf is engulfed in blazing flames.
Flame seeps out of the wolf.
The wolf bites you!
* * * LOW HITPOINT WARNING * * *
Unknown command.
You feel better.
The wolf is engulfed in blazing flames.
Flame seeps out of the wolf.
You block the wolf's attack.
The wolf is engulfed in blazing flames.
The wolf explodes!
The fiery explosion engulfs you! You resist.
* * * LOW HITPOINT WARNING * * *
You feel better.
You are engulfed in blazing flames.
You resist.
You die...

.#........# #.### #..#
.#.#......####..##########.#####
..........##...................#
#########.##.≈≈≈≈≈≈≈≈≈≈≈≈≈≈≈≈≈.#
###...###....≈≈≈≈≈≈≈≈≈≈≈≈≈≈≈≈≈.#
##.#.#.......≈≈####.....####≈≈.#
#.#######....≈≈#..#8###8#..#≈≈.#
#.## #....≈≈#§☼###☼###..#≈≈.#
##)# #....≈≈#@☼§§§§....g#≈≈.#
##÷# #....≈≈###☼##☼##.###≈≈.#
..## #....≈≈..#h#...#.#..≈≈.#
### #....≈≈.##{#⌠.⌠#.##.≈≈.# #
#....≈≈.#{g#...#..#.≈≈.#
###..≈≈.##g##.##.##.≈≈.#
##.....#{#...#.#..≈≈.#
#....©#g'.©.'.#©.≈≈.# ####
#.....#.#8⌠8#.#..≈≈.#


There were no monsters in sight!

Vanquished Creatures
  Prince Ribbit (D:6)
  Sigmund (D:5)
  5 humans (D:7)
  6 yaks (D:7)
  Eustachio (D:4)
  2 gnoll sergeants (D:7)
  An ogre (D:4)
  A sky beast (D:5)
  2 ice beasts (D:5)
  3 phantoms
  2 wolves (D:7)
  A centaur (D:6)
  2 big kobolds
  3 bullfrogs
  5 scorpions
  A gnoll shaman (D:7)
  4 hounds
  2 orc wizards (D:5)
  An orc priest (D:5)
  A bullfrog skeleton (D:6)
  A centaur skeleton (D:6)
  A jelly (D:7)
  An iguana (D:7)
  Ijyb (D:7)
  6 worker ants
  12 gnolls
  8 adders
  4 white imps
  2 ufetubi
  4 oozes
  3 worms
  2 dart slugs
  A leopard gecko (D:4)
  14 orcs
  5 giant cockroaches
  12 goblins
  6 hobgoblins
  23 jackals
  3 quokkas
  A ball python (D:3)
  3 bats
  5 frilled lizards
  A jackal skeleton (D:4)
  12 kobolds
  A leopard gecko skeleton (D:4)
  5 rats
182 creatures vanquished.

Vanquished Creatures (collateral kills)
  A gnoll (D:7)
1 creature vanquished.

Vanquished Creatures (others)
  A gnoll sergeant (D:7)
  6 plants (D:7)
7 creatures vanquished.

Grand Total: 190 creatures vanquished

Notes
Turn   | Place    | Note
-------+----------+-------------------------------------------
     0 | D:1      | mhtbhm the Formicid Fighter began the quest for the Orb.
     0 | D:1      | Reached XP level 1. HP: 18/18 MP: 1/1
   161 | D:1      | Reached XP level 2. HP: 21/24 MP: 2/2
   293 | D:1      | Reached skill level 4 in Shields
   406 | D:1      | Reached XP level 3. HP: 29/29 MP: 3/3
  1182 | D:2      | HP: 1/29 [gnoll/+0 spear (8)]
  1185 | D:2      | Gained mutation: You are agile. (Dex +2) [potion of
                  | mutation]
  1185 | D:2      | Gained mutation: Your flesh is heat resistant. (rF+)
                  | [potion of mutation]
  1185 | D:2      | Gained mutation: You are partially covered in icy blue
                  | scales. (AC +2) [potion of mutation]
  1209 | D:2      | Reached XP level 4. HP: 8/35 MP: 4/4
  1906 | D:2      | Found a bloodstained altar of Trog.
  2083 | D:2      | Reached skill level 1 in Dodging
  2090 | D:2      | Reached XP level 5. HP: 39/41 MP: 5/5
  2180 | D:2      | Found a faded altar of an unknown god.
  2236 | D:2      | Became a worshipper of Ashenzari the Shackled
  2236 | D:2      | Reached * piety under Ashenzari
  2463 | D:2      | Found a broken altar of Ashenzari.
  2463 | D:2      | Found a white marble altar of Elyvilon.
  2729 | D:3      | Reached skill level 5 in Shields
  2855 | D:3      | Noticed a big kobold
  2873 | D:3      | Killed a big kobold
  2874 | D:3      | Reached XP level 6. HP: 10/48 MP: 6/6
  2874 | D:3      | HP: 2/48 [worm (8)]
  3863 | D:4      | Found a shimmering altar of Xom.
  3935 | D:4      | Noticed an ogre
  3944 | D:4      | Killed an ogre
  3945 | D:4      | Reached XP level 7. HP: 54/54 MP: 7/7
  4064 | D:4      | Noticed Eustachio
  4121 | D:5      | Entered Level 5 of the Dungeon
  4582 | D:4      | Killed Eustachio
  4583 | D:4      | Reached skill level 5 in Maces & Flails
  4583 | D:4      | Reached skill level 6 in Shields
  4659 | D:4      | Identified the ring of Lipukonk {rPois SInv}
  4978 | D:5      | Reached XP level 8. HP: 47/61 MP: 8/8
  4986 | D:5      | Found a staircase to the Ecumenical Temple.
  4993 | D:5      | Noticed Sigmund
  5012 | D:5      | Killed Sigmund
  5047 | Temple   | Entered the Ecumenical Temple
  5451 | D:5      | Reached skill level 7 in Shields
  5456 | D:5      | Reached skill level 5 in Fighting
  5839 | D:5      | Reached skill level 5 in Armour
  6018 | D:5      | Found Hoewuli's Gadget Shop.
  6047 | D:5      | Identified the +2 robe of Exclusion {Stlth+}
  6281 | D:5      | Reached XP level 9. HP: 68/68 MP: 9/9
  6346 | D:5      | Reached skill level 8 in Shields
  6405 | D:6      | Noticed Prince Ribbit
  6430 | D:6      | Reached ** piety under Ashenzari
  6490 | D:6      | Killed Prince Ribbit
  6746 | D:6      | Reached skill level 9 in Shields
  6885 | D:6      | Found a glowing golden altar of the Shining One.
  7016 | D:7      | Found a hazy altar of Hepliaklqana.
  7016 | D:7      | Found an iron altar of Okawaru.
  7399 | D:7      | Found a transporter.
  7437 | D:7      | Noticed Alex's ghost (novice MiFi)
  7450 | D:7      | Found a transporter.
  7451 | D:7      | Noticed Grum
  7509 | D:7      | Noticed Ijyb
  7533 | D:7      | Reached XP level 10. HP: 54/76 MP: 10/10
  7546 | D:7      | Killed Ijyb
  7632 | D:7      | Reached skill level 10 in Shields
  8198 | D:7      | Identified the ring "Nipra" {Ice Str+6 Int+2}
  8285 | D:7      | HP: 2/77 [/exploding inner flame (16)]
  8286 | D:7      | Engulfed by a cloud of flame

Illustrated notes

Levels and vault maps discovered:
D:1:      evilmike_arrival_crescent, layout_basic, kennysheep_pointless_box,
          chequers_serial_rivers_micro_a
D:2:      layout_loops_ring, lightli_temple_of_fire,
          gammafunk_temple_overflow_elements,
          chequers_ecumenical_altar_simple_redux
D:3:      layout_basic, minmay_misc_feat_columns
D:4:      layout_rooms, nicolae_overflow_crystal_walls, lemuel_another_geyser,
          uniq_eustachio
D:5:      layout_rooms, minmay_temple_entry_drinking_statues, serial_shops,
          nicolae_shop_statue_plus, hangedman_abyss_or_decor_jellyfish_corner,
          ebering_dispersal_statue_hall, uniq_sigmund
D:6:      layout_cave_pools, tso_oasis_becter, uniq_prince_ribbit1
D:7:      erik_cavepeople, layout_rooms,
          chequers_temple_overflow_statue_of_worship,
          gammafunk_ghost_gnarly_gnolls
Temple:   pf_slime_end_temple

Skill      XL: |  1  2  3  4  5  6  7  8  9 10 |
---------------+-------------------------------+-----
Shields        | 4 5 6 7 9 10 | 10.6
Dodging        | 1 2 3 |  3.7
Maces & Flails | 3 4 5 6 7 9 |  9.1
Armour         | 4 5 6 |  6.1
Fighting       | 4 5 6 |  6.7
Stealth        | |  0.8
Evocations     | |  0.4

Action                   |  1- 3 |  4- 6 |  7- 9 | 10-12 || total
-------------------------+-------+-------+-------+-------++-------
Melee: Flail             |    86 |   192 |   488 |   152 ||   918
Invok: Curse Item        |       |     2 |     1 |       ||     3
Evoke: Wand              |       |       |     1 |     6 ||     7
  Use: Potion            |     4 |     1 |     5 |     4 ||    14
       Scroll            |     2 |       |       |    10 ||    12
 Stab: Distracted        |       |       |       |     1 ||     1
Armor: Scale mail        |    26 |    69 |   191 |    21 ||   307
       Skin              |    16 |       |       |       ||    16
Dodge: Dodged            |    29 |    38 |   131 |    26 ||   224
Block: Kite shield       |    24 |       |       |       ||    24
       Tower shield      |    54 |   175 |   477 |   118 ||   824

Table legend: (Time is in decaauts)
 A = Elapsed time spent in this place.
 B = Non-inter-level travel time spent in this place.
 C = Inter-level travel time spent in this place.
 D = Time resting spent in this place.
 E = Time spent auto-exploring this place.
 F = Levels seen in this place.
 G = Mean time per level.
                   A        B        C        D        E       F      G
               +--------+--------+--------+--------+--------+-----+--------+
         Total |   8436 |   8189 |    247 |   2196 |   3908 |   8 | 1054.5 |
       Dungeon |   8061 |   7814 |    247 |   1975 |   3808 |   7 | 1151.6 |
        Temple |    375 |    375 |      0 |    221 |    100 |   1 |  375.0 |
               +--------+--------+--------+--------+--------+-----+--------+

Top non-repeatable levels by time:
     D:5: 1525 daAuts
     D:2: 1363 daAuts
     D:7: 1286 daAuts
     D:1: 1180 daAuts
     D:3: 1158 daAuts
     D:4: 926 daAuts
     D:6: 620 daAuts
  Temple: 375 daAuts
